 Dungeon Crawl Stone Soup version 0.32-a0-7-ge934b4519a (webtiles) character file.

Game seed: 10864894939938062228

497 veles2001 the Trooper (level 7, -4/58 HPs)
             Began as a Human Berserker on Jan 14, 2024.
             Was a Believer of Trog.
             Slain by Menkaure (11 damage)
             ... on level 7 of the Dungeon.
             The game lasted 00:17:01 (3521 turns).

veles2001 the Trooper (Human Berserker)             Turns: 3521, Time: 00:17:01

Health: -4/58      AC: 11    Str: 19    XL:     7   Next: 16%
Magic:  7/7        EV:  8    Int:  8    God:    Trog [**....]
Gold:   240        SH:  0    Dex: 12    Spells: 6/6 levels left

rFire   . . .        a - +0 falchion (venom)
rCold   . . .        (no shield)
rNeg    . . .        i - +0 chain mail
rPois   .            q - +0 helmet
rElec   .            e - +1 cloak
rCorr   .            (no gloves)
SInv    .            (no boots)
Will    ++...        (no amulet) Stlth
                     (no ring)
HPRegen 1.29/turn    (no ring)
MPRegen 0.10/turn

%: no passive effects
@: strong-willed, on berserk cooldown, regenerating, slowed, very slow
A: explore regen
a: Renounce Religion, Berserk, Trog's Hand


You were on level 7 of the Dungeon.
You worshipped Trog.
Trog was pleased with you.
You visited 1 branch of the dungeon, and saw 5 of its levels.

You collected 240 gold pieces.

Inventory:

Hand Weapons
 a - a +0 falchion of venom (weapon)
 k - the +1 rapier "Xedafa" {heavy, rF+ Str+2}
   (You found it on level 2 of the Dungeon)

   Str+2:     It affects your strength (+2).
   rF+:       It protects you from fire.
 l - the +9 dagger of Kuomylir {freeze, rC+ Str+3 Int+2}
   (You found it on level 2 of the Dungeon)

   Str+3:     It affects your strength (+3).
   Int+2:     It affects your intelligence (+2).
   rC+:       It protects you from cold.
Armour
 e - a +1 cloak (worn)
 i - a +0 chain mail (worn)
 q - a +0 helmet (worn)
Wands
 g - a wand of iceblast (11)
Scrolls
 b - 2 scrolls of noise {unknown}
 c - a scroll of silence {unknown}
Potions
 d - 3 potions of heal wounds
 f - a potion of resistance {unknown}
 j - a potion of brilliance {unknown}
 m - a potion of berserk rage {unknown}
 n - a potion of might {unknown}
 p - a potion of cancellation {unknown}


   Skills:
 * Level 6.2 Fighting
 - Level 4.1 Long Blades
 - Level 2.0 Armour
 - Level 2.9 Dodging
 * Level 3.2 Stealth


You had 6 spell levels left.
You didn't know any spells.
Your spell library contained the following spells:

 Spells                   Type           Power      Damage    Failure   Level
 Magic Dart               Conj           0%         1d3       98%         1
 Sandblast                Erth           0%         2d4       98%         1
 Blink                    Tloc           0%         N/A       99%         2
 Call Imp                 Summ           0%         N/A       99%         2
 Lesser Beckoning         Tloc           0%         N/A       99%         2
 Momentum Strike          Conj/Tloc      0%         3d8       99%         2
 Passwall                 Erth           0%         N/A       100%        3
 Stone Arrow              Conj/Erth      0%         3d7       100%        3
 Brom's Barrelling Bould  Conj/Erth      0%         2d3       100%        4


Dungeon Overview and Level Annotations

Branches:
Dungeon (4/15)
 Temple: D:4-7

Altars:
Hepliaklqana

Annotations:
D:4 3 runed translucent doors, DeathSocks's ghost, amateur GrGl; Sekkong's ghost, amateur MiFi; Sundig's ghost, amateur FoFi
D:7 Jeremiah; Menkaure


Innate Abilities, Weirdness & Mutations

You regain HP and MP as you explore.


Message History

You closely miss the ufetubus.
The ufetubus is heavily wounded.
The ufetubus hits you but does no damage. x4
You hit the ufetubus but do no damage.
The ufetubus is heavily wounded.
The ufetubus hits you but does no damage.
The ufetubus closely misses you.
Menkaure, Prince of Dust comes into view.
You miss the ufetubus.
The ufetubus is heavily wounded.
Menkaure shouts!
The ufetubus hits you but does no damage.
The ufetubus closely misses you.
You closely miss the ufetubus.
The ufetubus is heavily wounded.
The ufetubus closely misses you.
The ufetubus hits you but does no damage.
You hit the ufetubus.
You kill the ufetubus!
Trog accepts your kill.
Menkaure mumbles some strange words.
Menkaure seems to speed up.
You feel a strong urge to attack something.
You are no longer berserk.
You are exhausted.
You feel yourself slow down.
An orc comes into view. It is wielding a +0 dagger.
The orc shouts!
The orc throws a stone.
The stone hits you but does no damage.
An orc priest comes into view. It is wielding a +0 whip.
The orc throws a stone.
The stone hits you but does no damage.
Unknown command.
Your skin crawls.
You feel strong-willed.
Jeremiah, Barachi Dreamer comes into view.
They are wielding a +2 trident of draining and wearing an orb of energy.
Menkaure draws the symbol "Udjat" in the dust.
Menkaure hits you!
* * * LOW HITPOINT WARNING * * *
Menkaure hits you!
You die...

#F ##.. ##..
#o.###
#.o..###..
#.........
##.@.#
##..M##
####....#
#.......#
##....).#
#...##...#
##.#.##.....
#.##........
#.# ........


You could see Menkaure (fast), an orc priest and an orc.

Vanquished Creatures
  A centaur (D:7)
  An ogre (D:3)
  A bullfrog (D:7)
  Crazy Yiuf (D:3)
  Terence (D:3)
  Ijyb (D:4)
  Robin (D:3)
  4 gnolls (D:2)
  5 adders
  2 ufetubi (D:7)
  A dart slug (D:2)
  2 ribbon worms
  7 orcs (D:3)
  5 ball pythons
  2 bats
  4 endoplasms
  A giant cockroach (D:1)
  14 goblins
  9 hobgoblins
  2 jackals (D:1)
  4 kobolds
  A quokka (D:1)
  2 frilled lizards
  9 rats
81 creatures vanquished.

Notes
Turn   | Place    | Note
-------+----------+-------------------------------------------
     0 | D:1      | veles2001 the Human Berserker began the quest for the Orb.
     0 | D:1      | Reached XP level 1. HP: 18/18 MP: 1/1
   164 | D:1      | Reached XP level 2. HP: 13/24 MP: 2/2
   534 | D:2      | Identified the +1 rapier "Xedafa" {heavy, rF+ Str+2}
   547 | D:2      | Reached XP level 3. HP: 21/29 MP: 3/3
   616 | D:2      | Identified the +9 dagger of Kuomylir {freeze, rC+ Str+3
                  | Int+2}
   755 | D:2      | Reached ** piety under Trog
  1132 | D:2      | Reached XP level 4. HP: 22/35 MP: 4/4
  1136 | D:2      | Reached skill level 1 in Stealth
  1463 | D:2      | Found a hazy altar of Hepliaklqana.
  1767 | D:3      | Found a runed translucent door.
  1768 | D:3      | Noticed Crazy Yiuf
  1779 | D:3      | Killed Crazy Yiuf
  1780 | D:3      | Reached XP level 5. HP: 23/42 MP: 5/5
  1983 | D:3      | Reached skill level 4 in Fighting
  2469 | D:3      | Noticed Terence
  2486 | D:3      | Killed Terence
  2644 | D:3      | Noticed an ogre
  2695 | D:3      | Killed an ogre
  2696 | D:3      | Reached skill level 5 in Fighting
  2696 | D:3      | Reached XP level 6. HP: 42/51 MP: 6/6
  2827 | D:3      | Noticed Robin
  2885 | D:3      | Killed Robin
  3383 | D:4      | Found a runed translucent gate.
  3386 | D:4      | Found a runed translucent gate.
  3386 | D:4      | Found a runed translucent gate.
  3386 | D:4      | Noticed Sekkong's ghost (amateur MiFi)
  3386 | D:4      | Noticed DeathSocks's ghost (amateur GrGl)
  3386 | D:4      | Noticed Sundig's ghost (amateur FoFi)
  3442 | D:4      | Noticed Ijyb
  3457 | D:4      | Killed Ijyb
  3493 | D:4      | You fall into a shaft and drop 3 floors!
  3506 | D:7      | Reached XP level 7. HP: 23/57 MP: 7/7
  3508 | D:7      | Reached skill level 6 in Fighting
  3511 | D:7      | Noticed Menkaure
  3520 | D:7      | Noticed Jeremiah
  3521 | D:7      | Slain by Menkaure

Illustrated notes

Levels and vault maps discovered:
D:1:      amcnicky_arrival_abandoned_market, layout_basic,
          minmay_rat_gold_closets
D:2:      layout_loops_ring, basic_altar
D:3:      layout_basic, uniq_terence, uniq_robin, uniq_crazy_yiuf_cottage
D:4:      layout_loops_ring, mainiacjoe_overflow_chevrons,
          gammafunk_ghost_cemetery, uniq_ijyb, uniq_duvessa
D:7:      minmay_chambers_of_sixes, layout_layer_cave,
          nicolae_elyvilon_temple_path, led_sif_book, serial_shops, shop,
          nicolae_shop_tiny_glass, shop, shop, uniq_jeremiah, uniq_maggie,
          uniq_menkaure

Skill      XL: |  1  2  3  4  5  6  7 |
---------------+----------------------+-----
Stealth        | 1 2 3 |  3.2
Long Blades    | 4 |  4.1
Fighting       | 5 6 |  6.2
Armour         | |  2.0
Dodging        | |  2.9

Action                     |  1- 3 |  4- 6 |  7- 9 || total
---------------------------+-------+-------+-------++-------
  Melee: Falchion          |   113 |   189 |     9 ||   311
         Punch             |       |     3 |       ||     3
 Invoke: Berserk           |     3 |     6 |       ||     9
         Trog's Hand       |       |       |     1 ||     1
    Use: Scroll            |     3 |     2 |       ||     5
   Stab: Sleeping          |     3 |     2 |       ||     5
 Armour: Animal skin       |    22 |       |       ||    22
         Leather armour    |    51 |    56 |       ||   107
         Skin              |     2 |       |       ||     2
         Chain mail        |       |    90 |    17 ||   107
  Dodge: Dodged            |    88 |   106 |     6 ||   200

Table legend: (Time is in decaauts)
 A = Elapsed time spent in this place.
 B = Non-inter-level travel time spent in this place.
 C = Inter-level travel time spent in this place.
 D = Time resting spent in this place.
 E = Time spent auto-exploring this place.
 F = Levels seen in this place.
 G = Mean time per level.
                   A        B        C        D        E       F      G
               +--------+--------+--------+--------+--------+-----+--------+
         Total |   3625 |   3488 |    137 |   1059 |    968 |   5 |  725.0 |
       Dungeon |   3625 |   3488 |    137 |   1059 |    968 |   5 |  725.0 |
               +--------+--------+--------+--------+--------+-----+--------+

Top non-repeatable levels by time:
     D:3: 1636 daAuts
     D:2: 1253 daAuts
     D:1: 541 daAuts
     D:4: 168 daAuts
     D:7: 25 daAuts
